 Dungeon Crawl Stone Soup version 0.26.1-11-gd32895ea62 (webtiles) character file.

Game seed: 1447344313630968632

611 Almogavar the Chiller (level 7, 0/47 HPs)
             Began as a Human Ice Elementalist on June 9, 2021.
             Killed by divine providence
             ... invoked by an orc priest
              (10 damage)
             ... on level 5 of the Dungeon.
             The game lasted 00:16:49 (5142 turns).

Almogavar the Chiller (Human Ice Elementalist)      Turns: 5142, Time: 00:16:50

Health: 0/47       AC:  9    Str:  8    XL:     7   Next: 72%
Magic:  2/13       EV: 12    Int: 18    God:
Gold:   249        SH:  0    Dex: 13    Spells: 14/15 levels left

rFire    . . .     SeeInvis .   f - +0 dagger
rCold    . . .     Faith    .   (no shield)
rNeg     + . .     Spirit   .   w - +3 leather armour
rPois    .         Reflect  .   c - +1 helmet
rElec    .         Harm     .   m - +0 cloak
rCorr    .         Rampage  .   (no gloves)
Will     .....                  (no boots)
Stlth    ++........             (no amulet)
HPRegen  0.15/turn              k - ring of positive energy
MPRegen  0.13/turn              (no ring)

@: no status effects
A: no striking features
a: no special abilities


You were on level 5 of the Dungeon.
You visited 1 branch of the dungeon, and saw 5 of its levels.

You collected 249 gold pieces.

Inventory:

Hand Weapons
 f - a +0 dagger (weapon)
 n - a cursed -1 falchion
Missiles
 d - 22 poisoned darts (quivered)
Armour
 c - a +1 helmet (worn)
 i - a +0 kite shield
 m - a +0 cloak (worn)
 w - a +3 leather armour (worn)
Jewellery
 k - a ring of positive energy (left hand)
Wands
 a - a wand of paralysis (11)
 p - a wand of flame (26)
 r - a wand of iceblast (6)
Scrolls
 b - a scroll of enchant weapon
 e - a scroll of blinking
 h - a scroll of teleportation
 j - 2 scrolls of enchant armour
 l - a scroll of fear
 o - a scroll of fog {unknown}
Potions
 q - a potion of flight {unknown}
 s - 2 potions of brilliance {unknown}
 u - a potion of heal wounds {unknown}
 v - a potion of curing {unknown}


   Skills:
 + Level 0.5 Fighting
 + Level 0.7 Short Blades
 + Level 0.2 Throwing
 + Level 0.9 Armour
 + Level 2.4 Dodging
 + Level 3.0 Stealth
 + Level 4.5 Spellcasting
 + Level 6.7 Ice Magic


You had 14 spell levels left.
You knew the following spells:

 Your Spells              Type           Power        Failure   Level
a - Freeze                Ice            100%         1%          1

Your spell library contained the following spells:

 Spells                   Type           Power        Failure   Level
 Frozen Ramparts          Ice            56%          3%          3
 Ozocubu's Armour         Ice            28%          3%          3
 Beastly Appendage        Tmut           8%           21%         1
 Wereblood                Tmut           4%           30%         2
 Hailstorm                Conj/Ice       16%          43%         4
 Ice Form                 Ice/Tmut       16%          43%         4
 Summon Ice Beast         Ice/Summ       16%          43%         4
 Spider Form              Tmut/Pois      2%           52%         3
 Blade Hands              Tmut           2%           99%         5


Dungeon Overview and Level Annotations

Branches:
Dungeon (5/15)
 Temple: D:4-7

Altars:
Trog
Vehumet
Yredelemnul
The Shining One

Shops:
D:4 (

Annotations:
D:5 Dowan


Message History

Duvessa is almost dead.
Duvessa closely misses you.
Your leather armour prevents you from hitting Duvessa.
Duvessa is almost dead.
The orc wizard points at itself and mumbles some strange words.
The orc wizard flickers and vanishes!
Deactivating autopickup; reactivate with Ctrl-A.
Duvessa barely misses you.
You hit Duvessa.
You kill Duvessa!
You hear a distant wail of despair.
Your Stealth skill increases to level 3!
The worker ant bites you but does no damage.
The howler monkey hoots and howls with incredible vigour!
You hear a shout!
The worker ant bites you but does no damage.
The worker ant bites you but does no damage.
The orc priest calls down the wrath of Beogh upon you.
Beogh smites you!
You die...

#......# #..<...#
#..[...# #......#
#......# #......#
#.######..######
.................
....###@#........ .##
.####oB.#........
...# #.hY.###........
#..#o###.##........
#........#.........
#......#.....#.######
#...........##..#
.....#.###....
.....#. ..###


You could see an ice beast, a howler monkey (catching breath), a worker ant, an
orc priest and an orc wizard (fast).

Vanquished Creatures
  Sigmund (D:3)
  Duvessa (D:5)
  An ogre (D:5)
  An orc priest (D:4)
  2 orc wizards
  Ijyb (D:5)
  A worker ant (D:4)
  3 adders
  6 worms
  A dart slug (D:2)
  3 leopard geckos
  8 orcs
  2 ball pythons
  3 giant cockroaches
  6 goblins
  11 hobgoblins
  17 jackals
  5 kobolds
  A quokka (D:4)
  5 bats
  2 frilled lizards
  A leopard gecko skeleton (D:4)
  A quokka skeleton (D:4)
  13 rats
96 creatures vanquished.

Notes
Turn   | Place    | Note
-------+----------+-------------------------------------------
     0 | D:1      | Almogavar the Human Ice Elementalist began the quest for
                  | the Orb.
     0 | D:1      | Reached XP level 1. HP: 13/13 MP: 3/3
   355 | D:1      | Reached XP level 2. HP: 19/19 MP: 1/5
  1019 | D:2      | Reached XP level 3. HP: 22/24 MP: 0/6
  1573 | D:2      | Found a basalt altar of Yredelemnul.
  1688 | D:2      | Reached XP level 4. HP: 26/30 MP: 5/7
  1975 | D:2      | Found a radiant altar of Vehumet.
  1975 | D:2      | Found a glowing golden altar of the Shining One.
  2207 | D:3      | Reached skill level 5 in Ice Magic
  2287 | D:3      | Reached XP level 5. HP: 35/35 MP: 2/8
  3044 | D:3      | Noticed Sigmund
  3050 | D:3      | Killed Sigmund
  3051 | D:3      | Reached skill level 6 in Ice Magic
  3051 | D:3      | Reached XP level 6. HP: 17/41 MP: 4/11
  4052 | D:4      | Found Asomaynt's Weapon Shoppe.
  4342 | D:4      | Noticed a moth of wrath
  4345 | D:4      | Found a bloodstained altar of Trog.
  4997 | D:5      | Entered Level 5 of the Dungeon
  5004 | D:4      | Reached XP level 7. HP: 39/46 MP: 7/12
  5012 | D:5      | Noticed Ijyb
  5019 | D:5      | Killed Ijyb
  5117 | D:5      | Noticed Duvessa
  5118 | D:5      | Noticed Dowan
  5137 | D:5      | Killed Duvessa
  5142 | D:5      | Killed from afar by an orc priest

Illustrated notes

Levels and vault maps discovered:
D:1:      matt_arrival_los_fun, layout_basic
D:2:      minmay_inner_zag, layout_loops_ring, yredelemnul_altar_generic,
          gammafunk_temple_overflow_elements
D:3:      layout_loops_corners, roderic_lattice_a, uniq_sigmund
D:4:      layout_basic, serial_shops, kennysheep_little_box,
          serial_bayou_lagoon_a, tgw_trog
D:5:      layout_rooms, old_standard_altar, uniq_ijyb, uniq_duvessa, uniq_edmund

Skill      XL: |  1  2  3  4  5  6  7 |
---------------+----------------------+-----
Ice Magic      | 5 6 |  6.7
Spellcasting   | 3 4 |  4.5
Stealth        | 3 |  3.0
Fighting       | |  0.5
Short Blades   | |  0.7
Throwing       | |  0.2
Armour         | |  0.9
Dodging        | |  2.4

Action                   |  1- 3 |  4- 6 |  7- 9 || total
-------------------------+-------+-------+-------++-------
Melee: Dagger            |    32 |    34 |     2 ||    68
Throw: Dart              |    12 |     1 |       ||    13
 Cast: Freeze            |    40 |   100 |    20 ||   160
  Use: Scroll            |       |     5 |       ||     5
 Stab: Sleeping          |     4 |     3 |       ||     7
Armor: Robe              |    23 |    26 |       ||    49
       Leather armour    |       |     3 |     8 ||    11
Dodge: Dodged            |    62 |    63 |     8 ||   133
